[Event "National-chT China 2017"]
[Site "Beijing"]
[Date "2017.06.07"]
[Round "2"]
[White "Yu, Ting"]
[Black "Wang, Jue"]
[Result "0-1"]
[ECO "B87"]
[WhiteElo "2184"]
[BlackElo "2367"]
[Annotator "NA"]
[PlyCount "132"]
[EventDate "2017.??.??"]
[EventCountry "CHN"]
[SourceTitle "playchess.com"]
[Source "ChessBase"]
[SourceQuality "1"]
[TimeControl "40/5400+30:1800+30"]

1. e4 c5 2. Nf3 d6 3. d4 cxd4 4. Nxd4 Nf6 5. Nc3 a6 6. Bc4 e6 7. Bb3 b5 8. O-O Be7 9. Qf3 Qc7 10. Qg3 O-O 11. Bh6 Ne8 12. Rad1 Bd7 13. a3 {B87: Sicilian Scheveningen/Najdorf: 6 Bc4, with early ...b5} (13. Nce2 Kh8 14. Bg5 Bxg5 15. Qxg5 Nf6 16. Ng3 Qc5 17. Qd2 Rd8 18. Nf3 a5 19. a3 Ne8 20. Ng5 Kg8 {1-0 (34) Kasimdzhanov,R (2704)-Karjakin,S (2762) Berlin 2015}) 13... Nc6 14. Nxc6 Bxc6 15. f4 Kh8 16. Bg5 a5 17. f5 {LiveBook: 3 Games} (17. Bxe7 $11 Qxe7 18. e5) 17... b4 (17... Bxg5 $17 18. Qxg5 b4 19. axb4 axb4 20. fxe6 bxc3) 18. axb4 {[#]} (18. Bxe7 $11 {remains equal.} Qxe7 19. Na4) 18... axb4 19. Ne2 (19. Bxe7 $11 Qxe7 20. Ne2) 19... Nf6 $146 (19... Bxe4 $6 20. fxe6 fxe6 21. Rxf8+ Bxf8 22. Nd4 $14) ({Predecessor:} 19... Bxg5 $17 20. Qxg5 {1-0 (42) Skrobek,R (2555)-Engel,K (2420) Poland 1986} Qb6+ 21. Kh1 Nf6) 20. Qh4 $11 {And now Nd4 would win.} Bb5 21. Nf4 $2 (21. Rfe1 $11) 21... Bxf1 $19 22. Rxf1 exf5 23. Nh5 Nxh5 ({Stronger than} 23... Nxe4 24. Bxe7 Rfe8 {[#]} 25. Bf6 $1 $11 ) (23... fxe4 24. Nxf6 Qa7+ 25. Kh1 $14) 24. Bxe7 Rfe8 25. Bg5 g6 ({Much less strong is} 25... fxe4 26. Be3 $19) ({Worse is} 25... Rxe4 26. Qxh5 Qc5+ 27. Kh1 $14) (25... Re5 $19 {aiming for ...Qc5+.} 26. Qf2 fxe4) 26. exf5 $17 {White wants to play Bf6+.} Qc5+ 27. Qf2 Qxf2+ ({Better is} 27... f6 $17 28. Bc1 Re2 29. Qxc5 dxc5 30. fxg6 hxg6) 28. Kxf2 $15 Kg7 29. fxg6 fxg6 30. Rd1 (30. Kg1 $1 $11 Ra7 31. Bd2) 30... Ra6 ({Black should try} 30... Ra5 $17 31. Bd2 Rf5+ 32. Kg1 Nf4 33. Bxb4 Re2) 31. Be3 (31. Bd2 $1 $11) 31... Rf8+ 32. Kg1 $11 Re8 (32... Nf6 $11) 33. Kf2 $17 Nf6 $17 {White must now prevent ...Ng4+. Strongly threatening ...Ng4+.} 34. Bd4 Kh6 35. Bc4 Rc6 36. b3 d5 37. Bd3 Ne4+ 38. Kg1 {Precision: White = 32%, Black = 24%.} Nc3 39. Bxc3 Rxc3 40. Ra1 Re3 41. Ra5 Rxb3 42. cxb3 Rxd3 43. Rb5 Rxb3 44. Rxd5 Rc3 45. Rb5 b3 46. h4 Kg7 47. Kh2 h5 48. Rb6 Kf7 49. Rd6 Rc4 50. Rb6 Rc3 51. Rd6 b2 52. Rb6 Rc2 53. Kh3 Ke7 54. g4 Kd7 55. gxh5 gxh5 56. Kg3 Kc7 57. Rb3 Kd6 58. Kf4 Rg2 59. Kf3 Rh2 60. Kg3 Rd2 61. Kf4 Kd5 62. Kg5 Kc4 63. Rxb2 Rxb2 64. Kxh5 Kd5 65. Kg6 Ke6 66. h5 Rg2+ 0-1

[Event "National-chT China 2017"]
[Site "Beijing"]
[Date "2017.06.07"]
[Round "2"]
[White "Sun, Fanghui"]
[Black "Yuan, Ye"]
[Result "1/2-1/2"]
[ECO "B22"]
[WhiteElo "2056"]
[BlackElo "2292"]
[Annotator "NA"]
[PlyCount "100"]
[EventDate "2017.??.??"]
[EventCountry "CHN"]
[SourceTitle "playchess.com"]
[Source "ChessBase"]
[SourceQuality "1"]
[TimeControl "40/5400+30:1800+30"]

1. e4 c5 2. c3 d5 3. exd5 Qxd5 4. d4 Nc6 5. Nf3 Bf5 6. Na3 {B22: Sicilian: 2 c3} (6. Be3 Nf6 7. Qb3 cxd4 8. Nxd4 Nxd4 9. Bxd4 a6 10. Nd2 e6 11. Be2 O-O-O 12. Nc4 Bc5 13. O-O Be4 14. Rfd1 {1-0 (32) Jones,G (2676)-Pichot,A (2556) Sharjah 2017}) 6... cxd4 7. cxd4 {LiveBook: 4 Games} e6 8. Nb5 {[#] Black must now prevent Nc7+.Black is slightly better.} Qd7 $146 ({Predecessor:} 8... Bb4+ 9. Bd2 Rc8 10. Rc1 Bxd2+ 11. Qxd2 Nf6 12. Bc4 Qd8 13. O-O {½-½ (99) Shreyans,K (2231)-Akash,G (2404) Kolkata 2012}) 9. a3 a6 10. Nc3 Rd8 11. Be3 Nf6 12. Be2 Be7 13. O-O O-O 14. Ne5 Qd6 15. Nxc6 Qxc6 16. Bf3 Qd7 17. Qb3 b5 18. Rfd1 Bg4 19. Bxg4 Nxg4 20. Bf4 Nf6 (20... Bd6 $5 21. Ne2 Rfe8 $11) 21. Rac1 Qb7 22. Be5 Rd7 23. Ne2 Nd5 24. Nf4 Nxf4 25. Bxf4 Rfd8 26. h3 h6 27. Qg3 Kh8 28. Qe3 (28. Be5 $11 {remains equal.} f6 29. Bc7) 28... Bf6 $17 29. Be5 Bxe5 30. Qxe5 Rd5 31. Qc7 Qxc7 32. Rxc7 $15 {Endgame KRR-KRR} Kg8 33. Ra7 R8d6 ({Black should play} 33... Rxd4 $17 34. Rxd4 Rxd4) 34. Rc1 (34. Kf1 $11 {keeps the balance.}) 34... Rf5 (34... Rxd4 $17 35. Rc8+ Rd8) 35. Rc8+ $11 Kh7 36. Rcc7 Kg6 37. Rd7 Rxd7 38. Rxd7 Rd5 39. Rxd5 exd5 40. f3 $2 {[#]} (40. g3 $1 $11 {and White has nothing to worry.}) 40... Kf5 $2 {Precision: White = 38%, Black = 65%.} (40... h5 $1 $19 41. h4 Kf5) 41. Kf2 h5 42. Kg3 g5 43. h4 f6 44. hxg5 fxg5 45. Kf2 Kf4 46. g3+ Kf5 47. Kg2 Kf6 48. Kh3 Kf5 49. Kg2 Kf6 50. Kh3 Kf5 1/2-1/2

[Event "National-chT China 2017"]
[Site "Beijing"]
[Date "2017.06.07"]
[Round "2"]
[White "Zhang, Xiao"]
[Black "Hong, Xing"]
[Result "1/2-1/2"]
[ECO "D30"]
[WhiteElo "1913"]
[BlackElo "1992"]
[Annotator "NA"]
[PlyCount "156"]
[EventDate "2017.??.??"]
[EventCountry "CHN"]
[SourceTitle "playchess.com"]
[Source "ChessBase"]
[SourceQuality "1"]
[TimeControl "40/5400+30:1800+30"]

1. d4 Nf6 2. c4 e6 3. Nf3 d5 4. cxd5 exd5 5. Bg5 c6 6. Qc2 {D30: Queen's Gambit Declined: Systems without Nc3} g6 (6... Be7 7. e3 Nbd7 8. Nc3 Nh5 9. Bxe7 Qxe7 10. O-O-O Nb6 11. Ne5 g6 12. Qb3 Nf6 13. h3 Be6 14. f3 Nfd7 15. Nd3 O-O 16. Nf4 c5 17. dxc5 Nxc5 18. Qa3 Rac8 {0-1 (52) Sokolov,I (2650)-Korobov,A (2680) Dubai 2014}) 7. e3 Bf5 8. Bd3 Bxd3 9. Qxd3 Be7 $146 ({Predecessor:} 9... Nbd7 10. O-O a5 11. Nc3 Bg7 12. Ne5 O-O 13. f4 Qc7 14. Bxf6 Nxf6 {½-½ (45) Dinstuhl,B (2330)-Hofmann,M Germany 1991}) 10. Bh6 Ng4 11. Bg7 Rg8 12. Be5 Nxe5 13. Nxe5 f6 14. Nf3 Nd7 15. Nc3 Nb6 16. h4 h5 17. Nd2 Qd7 18. O-O-O O-O-O 19. Kb1 Kb8 20. Ne2 Bd6 21. e4 dxe4 22. Nxe4 Nd5 23. N2c3 Nxc3+ 24. bxc3 Be7 25. Rhe1 f5 26. Ng5 Bxg5 27. Qg3+ Qd6 28. Qxd6+ Rxd6 29. hxg5 Kc7 30. Re7+ Rd7 31. Rde1 Rgd8 32. Kc2 Rxe7 33. Rxe7+ Rd7 34. Re8 Rd8 35. Re5 Kd6 36. c4 b6 37. f4 h4 38. Re3 Rh8 39. Rh3 Rh7 40. Kd3 a6 41. a4 b5 {[#]} (41... a5 $11 {keeps the balance.}) 42. c5+ $1 Ke6 43. Re3+ $16 Kd7 44. axb5 axb5 45. d5 cxd5 46. Kd4 Kc7 47. Kxd5 Rd7+ 48. Ke6 Rd2 49. Rh3 Rxg2 50. Rxh4 Rg4 51. Rxg4 fxg4 52. f5 g3 53. fxg6 g2 54. g7 g1=Q 55. g8=Q Qe3+ 56. Kf6 Qf4+ 57. Kg6 Qe4+ 58. Kg7 Qd4+ 59. Kh6 Qh4+ 60. Kg6 Qe4+ 61. Kh5 Qh1+ 62. Kg6 Qe4+ 63. Kf6 Qd4+ 64. Kf5 Qxc5+ 65. Ke4 Qc2+ 66. Kd4 Qf2+ 67. Kc3 Qe1+ 68. Kd4 Qf2+ 69. Ke4 Qe2+ 70. Kd4 Qf2+ 71. Kd3 Qf3+ 72. Kc2 Qe4+ 73. Kd2 Qd4+ 74. Kc1 Qc3+ 75. Kb1 b4 76. Qf7+ Kd6 77. Qf6+ Qxf6 78. gxf6 Ke5 1/2-1/2